 Dungeon Crawl Stone Soup version 0.15-a0-1646-g393eda0 (webtiles) character file.

2085 Kenran the Bludgeoner (level 9, -1/84 HPs)
             Began as an Ogre Berserker on June 22, 2014.
             Was a High Priest of Trog.
             Splashed by a jelly's acid (8 damage)
             ... on Level 8 of the Dungeon.
             The game lasted 00:23:57 (8494 turns).

Kenran the Bludgeoner (Ogre Berserker)              Turns: 8494, Time: 00:23:57

HP  -1/84        AC -34    Str 24      XL: 9   Next: 27%
MP   9/9         EV 11     Int  6      God: Trog [*****.]
Gold 444         SH  0     Dex 17      Spells:  0 memorised,  8 levels left

rFire  . . .     SeeInvis .     f - +2 mace (holy)
rCold  . . .     Clarity  .     b - +0 animal skin
rNeg   . . .     rCorr    .     (shield restricted)
rPois  .         rRot     .     (helmet restricted)
rElec  .         Spirit   .     u - +2 cloak
SustAb .         Warding  .     (gloves unavailable)
rMut   .         Stasis   .     (boots unavailable)
Gourm  .                        (no amulet)
MR     +....                    s - +5 ring of dexterity
                                m - ring of protection from magic

@: corroded equipment, somewhat resistant to hostile enchantments, unstealthy
A: unfitting armour, tough skin 1
a: Burn Spellbooks, Berserk, Trog's Hand, Brothers in Arms, Renounce Religion


You were on level 8 of the Dungeon.
You worshipped Trog.
Trog was extremely pleased with you.
You were not hungry.

You visited 1 branch of the dungeon, and saw 8 of its levels.

You collected 444 gold pieces.

Inventory:

Hand weapons
 f - a +2 mace of holy wrath (weapon)
 n - a +2 flail of protection
 q - a +0 giant club
Armour
 b - a +0 animal skin (worn)
 u - a +2 cloak (worn)
Comestibles
 c - 4 meat rations
 k - 5 bread rations
 D - 5 beef jerkies
Scrolls
 d - 5 scrolls of remove curse
 h - 3 scrolls of teleportation
 i - a scroll of recharging
 o - 10 scrolls of identify
 p - a scroll of fear
 v - 2 scrolls of blinking
 x - a scroll of brand weapon {unknown}
 B - a scroll of enchant armour
Jewellery
 g - an uncursed ring of magical power
 m - a ring of protection from magic (left hand)
 s - a +5 ring of dexterity (right hand)
 t - a +3 ring of slaying {unknown}
 y - an uncursed amulet of resist corrosion {unknown}
 z - an uncursed amulet of faith {unknown}
Potions
 a - a potion of cure mutation {unknown}
 e - a potion of agility {unknown}
 j - a potion of magic
 l - a potion of flight {unknown}
 r - 2 potions of curing
 w - 2 potions of might {unknown}
 C - a potion of haste {unknown}


   Skills:
 - Level 4.0 Fighting
 + Level 15.1 Maces & Flails
 - Level 2.9 Dodging


You had 8 spell levels left.
You didn't know any spells.

Dungeon Overview and Level Annotations

Branches:
Dungeon (8/15)             Temple (0/1) D:7
   Lair: D:8-11

Altars:
Dithmenos


Innate Abilities, Weirdness & Mutations

You are too large for most types of armour.
You have tough skin (AC +1).


Message History

You hit the jelly but do no damage.
The jelly is severely wounded.
The jelly hits you.
* * * LOW HITPOINT WARNING * * *
You are splashed with acid!
The acid burns!
* * * LOW HITPOINT WARNING * * *
You hit the jelly but do no damage.
The jelly is severely wounded.
You hit the jelly.
The jelly is almost dead.
The jelly hits you.
* * * LOW HITPOINT WARNING * * *
You are splashed with acid!
The acid burns!
* * * LOW HITPOINT WARNING * * *
You hit the jelly but do no damage.
The jelly is almost dead.
The jelly hits you.
* * * LOW HITPOINT WARNING * * *
You are splashed with acid!
The acid burns!
You die...

### . #.#. !.# #.# #.#.
#.# #.# #.## ##.####.#
#.# .....#.# #.# #.##.#.#
###.## #.##.#.# ##.[...
##J##.#.# ##..#.#.
#..@....#####.......
........##.#.........#.#.
#####..##.#.#######.....
#.$##.#.# ###.##
#........ ...# #..##.####
##### #.....# ..#####


You could see a jelly.

Vanquished Creatures
  A water moccasin (D:6)
  2 ice beasts
  Purgy (D:3)
  A black bear (D:7)
  2 ogres
  2 sky beasts
  2 centaurs (D:7)
  Blork the orc (D:7)
  2 giant frogs
  3 crimson imps
  A goliath beetle (D:6)
  A jelly (D:6)
  A gnoll shaman (D:4)
  3 orc priests
  A centaur skeleton (D:7)
  4 hounds
  An iguana (D:4)
  2 orc wizards
  2 worker ants (D:6)
  8 gnolls
  7 adders
  A giant mite (D:4)
  A goliath beetle zombie (D:5)
  A shadow imp (D:6)
  4 worms
  An adder skeleton (D:7)
  An ooze (D:4)
  3 giant geckos
  10 orcs
  A ball python (D:1)
  10 bats
  2 giant cockroaches
  15 goblins
  10 hobgoblins
  26 jackals
  14 kobolds
  2 quokkas
  7 giant newts
  A giant spore (D:7)
  A hobgoblin zombie (D:5)
  2 kobold skeletons
  25 rats
  A rat skeleton (D:5)
  A ballistomycete (D:7)
188 creatures vanquished.

Notes
Turn   | Place    | Note
--------------------------------------------------------------
     0 | D:1      | Kenran, the Ogre Berserker, began the quest for the Orb.
     0 | D:1      | Reached XP level 1. HP: 24/24 MP: 1/1
   150 | D:1      | Reached XP level 2. HP: 32/32 MP: 2/2
   331 | D:1      | Reached skill level 5 in Maces & Flails
   477 | D:1      | Acquired Trog's second power
   899 | D:2      | Reached XP level 3. HP: 39/39 MP: 3/3
  1239 | D:2      | Reached skill level 6 in Maces & Flails
  1254 | D:2      | Reached XP level 4. HP: 29/48 MP: 4/4
  1738 | D:3      | Reached skill level 7 in Maces & Flails
  1738 | D:3      | Reached XP level 5. HP: 7/54 MP: 5/5
  2138 | D:3      | Noticed Purgy
  2169 | D:3      | Killed Purgy
  2169 | D:3      | Reached skill level 8 in Maces & Flails
  2169 | D:3      | Reached XP level 6. HP: 19/62 MP: 6/6
  2739 | D:3      | Reached skill level 9 in Maces & Flails
  2740 | D:3      | Found a shadowy altar of Dithmenos.
  3560 | D:4      | Acquired Trog's third power
  3680 | D:4      | Reached skill level 10 in Maces & Flails
  3680 | D:4      | Reached XP level 7. HP: 39/70 MP: 7/7
  4574 | D:5      | Entered Level 5 of the Dungeon
  5035 | D:5      | Reached skill level 11 in Maces & Flails
  5202 | D:5      | Received a gift from Trog
  5893 | D:6      | Reached XP level 8. HP: 66/78 MP: 8/8
  5981 | D:6      | Reached skill level 12 in Maces & Flails
  6695 | D:6      | Reached skill level 13 in Maces & Flails
  7174 | D:7      | Noticed Blork the orc
  7190 | D:7      | Killed Blork the orc
  7329 | D:7      | Reached skill level 14 in Maces & Flails
  7673 | D:7      | Reached XP level 9. HP: 73/84 MP: 9/9
  8292 | D:7      | Found a staircase to the Ecumenical Temple.
  8467 | D:8      | Reached skill level 15 in Maces & Flails
  8494 | D:8      | Splashed by a jelly's acid

Action                   |  1- 3 |  4- 6 |  7- 9 || total
-------------------------+-------+-------+-------++-------
Melee: Mace              |    92 |   104 |   364 ||   560
       Flail             |       |    83 |       ||    83
Invok: Berserk           |       |     3 |     2 ||     5
       Burn Spellbooks   |       |       |     1 ||     1
  Use: Scroll            |     6 |     5 |     5 ||    16
       Potion            |       |     5 |     2 ||     7
 Stab: Sleeping          |       |     1 |     2 ||     3
